 Dungeon Crawl Stone Soup version 0.23-a0-338-g8ff0b24 (webtiles) character file.

56 Garbasso the Caller (level 3, -5/25 HPs)
             Began as a Demonspawn Summoner on Oct 18, 2018.
             Shot with an arrow by a centaur (12 damage)
             ... on level 2 of the Dungeon.
             The game lasted 00:06:35 (2621 turns).

Garbasso the Caller (Demonspawn Summoner)           Turns: 2621, Time: 00:06:36

Health: -5/25      AC:  3    Str:  9    XL:     3   Next: 71%
Magic:  6/6        EV: 12    Int: 16    God:
Gold:   77         SH:  0    Dex: 13    Spells: 0/6 levels left

rFire    . . .     SeeInvis .   f - +0 short sword (speed)
rCold    . . .     Gourm    .   (no shield)
rNeg     . . .     Faith    .   a - +0 robe
rPois    .         Spirit   .   (no helmet)
rElec    .         Reflect  .   (no cloak)
rCorr    .         Harm     .   h - +0 pair of gloves
MR       .....                  (no boots)
Stlth    ++........             (no amulet)
HPRegen  0.08/turn              (no ring)
MPRegen  0.10/turn              (no ring)

@: no status effects
A: hooves 1
a: no special abilities


You were on level 2 of the Dungeon.
You were hungry.

You visited 1 branch of the dungeon, and saw 2 of its levels.

You collected 77 gold pieces.

Inventory:

Hand Weapons
 f - a +0 short sword of speed (weapon)
Missiles
 m - 79 stones (quivered)
Armour
 a - a +0 robe (worn)
 h - a +0 pair of gloves (worn)
Jewellery
 b - an uncursed ring of poison resistance {unknown}
Scrolls
 d - 3 scrolls of fog {unknown}
 g - a scroll of immolation {unknown}
 i - a scroll of remove curse {unknown}
 j - 2 scrolls of teleportation {unknown}
 o - a scroll of amnesia {unknown}
Potions
 e - a potion of cancellation {unknown}
 l - a potion of haste {unknown}
 n - a potion of invisibility {unknown}
Comestibles
 c - 4 rations


   Skills:
 * Level 0.6 Fighting
 + Level 0.8 Short Blades
 - Level 1.7 Dodging
 - Level 1.7 Stealth
 + Level 0.1 Unarmed Combat
 + Level 2.2 Spellcasting
 * Level 5.0 Summonings


You couldn't memorise any spells.
You knew the following spells:

 Your Spells              Type           Power        Failure   Level  Hunger
a - Summon Small Mammal   Summ           ###.         2%          1    #......
b - Call Imp              Summ           ###.....     3%          2    ###....
c - Call Canine Familiar  Summ           ###.....     8%          3    ###....

Your spell library contained the following spells:

 Spells                   Type           Power        Failure   Level  Hunger
 Magic Dart               Conj           #...         21%         1    #......
 Summon Guardian Golem    Hex/Summ       #.......     22%         3    ###....
 Blink                    Tloc           N/A          30%         2    ###....
 Slow                     Hex            #.......     30%         2    ###....
 Conjure Flame            Conj/Fire      #.......     52%         3    ###....
 Mephitic Cloud           Conj/Pois/Air  #.......     52%         3    ###....
 Summon Ice Beast         Ice/Summ       #.......     58%         4    #####..
 Summon Lightning Spire   Summ/Air       #.......     58%         4    #####..


Dungeon Overview and Level Annotations

Branches:
Dungeon (2/15)

Altars:
Vehumet


Innate Abilities, Weirdness & Mutations

You have large cloven feet.


Message History

You start resting.
All of the chunks of flesh in your inventory have rotted away.
Magic restored.
You are feeling hungry.
You start resting.
HP restored.
You see here a +0 club.
There is an open door here.
There is an open door here.
There is a stone staircase leading down here.
You climb downwards.
The centaur shouts!
The centaur shoots an arrow.
The arrow hits you!
The centaur shoots an arrow.
The arrow hits you.
* * * LOW HITPOINT WARNING * * *
The adder barely misses you.
There is a stone staircase leading up here.
You see here 2 arrows.
The centaur shoots an arrow.
The arrow hits you!
You die...

##### ....# ######## ###.#
#....@.#####
#.######.....bS.....###########
#............?........w.....)..
###.####.#.####.###c######.####
#.# # # #.# #.# #.# #.#
#.#.####.# #(# #.# #.#
.........###.# ##.#### #.#
#!...%.....#####...#.. #.#
##<..†(.......#...#


You could see a centaur, an adder and a bat.

Vanquished Creatures
  An adder (D:2)
  An ooze (D:2)
  3 giant cockroaches (D:2)
  4 hobgoblins
  3 bats (D:1)
  2 frilled lizards
  A goblin (D:2)
  2 kobolds
  6 rats
23 creatures vanquished.

Vanquished Creatures (collateral kills)
  An adder (D:2)
  An ooze (D:1)
  A worm (D:2)
  2 dart slugs (D:1)
  2 leopard geckos
  2 bats
  2 goblins
  A hobgoblin (D:1)
  3 frilled lizards
  2 kobolds (D:1)
  2 rats
19 creatures vanquished.

Grand Total: 42 creatures vanquished

Notes
Turn   | Place    | Note
-------+----------+-------------------------------------------
     0 | D:1      | Garbasso the Demonspawn Summoner began the quest for the
                  | Orb.
     0 | D:1      | Reached XP level 1. HP: 13/13 MP: 3/3
   602 | D:1      | Gained mutation: You have large cloven feet. [demonic
                  | ancestry]
   602 | D:1      | Reached XP level 2. HP: 13/19 MP: 1/5
   725 | D:1      | Learned a level 2 spell: Call Imp
  1718 | D:2      | Reached XP level 3. HP: 20/25 MP: 6/6
  2007 | D:2      | Found a radiant altar of Vehumet.
  2052 | D:2      | Learned a level 3 spell: Call Canine Familiar
  2138 | D:2      | Reached skill level 5 in Summonings
  2352 | D:2      | Noticed a centaur
  2621 | D:2      | Shot with an arrow by a centaur

Vault maps used:
D:1:      arrival_zaba_pyramid, minmay_misc_feat_enclosed, glass_columns_c,
          hangedman_decor_points
D:2:      vehumet_crystals

Skill      XL: |  1  2  3 |
---------------+----------+-----
Summonings     | 5 |  5.0
Fighting       | |  0.6
Short Blades   | |  0.8
Dodging        | |  1.7
Stealth        | |  1.7
Unarmed Combat | |  0.1
Spellcasting   | |  2.2

Action                   || total
-------------------------++-------
Melee: Unarmed           ||    26
       Short sword       ||    94
       Kick              ||    22
 Cast: Summon Small Mamm ||    16
       Call Imp          ||    16
       Call Canine Famil ||     1
  Eat: Chunk             ||     6
Armor: Robe              ||    42
Dodge: Dodged            ||    99

Table legend:
 A = Non-vault XP
 B = Vault XP
 C = Vault XP percentage of total XP
 D = Non-vault monster count
 E = Vault monster count
 F = Vault count percentage of total count
                 A         B        C        D         E       F
            +---------+---------+-------+---------+---------+-------
      Total |      81 |       0 |   0.0 |      42 |       0 |   0.0
            +---------+---------+-------+---------+---------+-------
        D:1 |      36 |       0 |   0.0 |      24 |       0 |   0.0
        D:2 |      45 |       0 |   0.0 |      18 |       0 |   0.0
            +---------+---------+-------+---------+---------+-------
